 Dungeon Crawl Stone Soup version 0.24.0-37-gcf1ca852f1 (webtiles) character file.

Game seed: 12415594698950479966, levelgen mode: deterministic

861 FishyPogo the Firebug (level 8, -1/57 HPs)
             Began as a Gnoll Fire Elementalist on Nov 30, 2019.
             Was an Initiate of Sif Muna.
             Slain by a worker ant zombie (2 damage)
             ... on level 5 of the Dungeon.
             The game lasted 00:12:54 (3724 turns).

FishyPogo the Firebug (Gnoll Fire Elementalist)     Turns: 3724, Time: 00:12:54

Health: -1/57      AC:  3    Str:  8 (10) XL:     8   Next: 2%
Magic:  2/16       EV: 15    Int: 19 (21) God:    Sif Muna [......]
Gold:   253        SH:  0    Dex: 13 (15) Spells: 8/18 levels left

rFire    + . .     SeeInvis .   a - +1 scythe (venom)
rCold    + . .     Gourm    .   (shield currently unavailable)
rNeg     + . .     Faith    .   j - +0 robe {rN+}
rPois    .         Spirit   .   m - +0 helmet
rElec    .         Reflect  .   (no cloak)
rCorr    .         Harm     .   (no gloves)
MR       .....                  (no boots)
Stlth    +++.......             (no amulet)
HPRegen  0.19/turn              u - ring of protection from cold
MPRegen  0.15/turn              r - ring of protection from fire

@: lethally poisoned (-1 -> -3)
A: distributed training, fangs 1, strong nose
a: Renounce Religion


You were on level 5 of the Dungeon.
You worshipped Sif Muna.
Sif Muna was noncommittal.
You were near starving.

You visited 2 branches of the dungeon, and saw 6 of its levels.

You collected 253 gold pieces.

Inventory:

Hand Weapons
 a - a +1 scythe of venom (weapon)
 b - a +0 dagger of speed
Missiles
 f - 87 stones (quivered)
 s - 19 poisoned darts
 t - 4 javelins
Armour
 j - a +0 robe of positive energy (worn)
 m - a +0 helmet (worn)
Jewellery
 r - a ring of protection from fire (right hand)
 u - a ring of protection from cold (left hand)
Scrolls
 d - a scroll of fear {unknown}
 e - 6 scrolls of identify {unknown}
 g - a scroll of fog {unknown}
 h - 2 scrolls of enchant weapon {unknown}
 i - a scroll of enchant armour {unknown}
 o - a scroll of remove curse {unknown}
 p - 2 scrolls of amnesia {unknown}
Potions
 k - a potion of magic
 l - 2 potions of lignification
 n - a potion of heal wounds
 q - a potion of brilliance {unknown}
Comestibles
 c - 5 rations


   Skills:
 + Level 2.8 Fighting
 + Level 2.8 Short Blades
 + Level 2.8 Long Blades
 + Level 2.8 Axes
 + Level 2.8 Maces & Flails
 + Level 2.8 Polearms
 + Level 2.8 Staves
 + Level 2.8 Slings
 + Level 2.8 Bows
 + Level 2.8 Crossbows
 + Level 2.8 Throwing
 + Level 2.8 Armour
 + Level 5.4 Dodging
 + Level 5.1 Stealth
 + Level 2.8 Shields
 + Level 2.8 Unarmed Combat
 + Level 5.8 Spellcasting
 + Level 3.2 Conjurations
 + Level 2.3 Hexes
 + Level 2.3 Charms
 + Level 2.3 Summonings
 + Level 2.3 Necromancy
 + Level 2.3 Translocations
 + Level 2.3 Transmutations
 + Level 5.9 Fire Magic
 + Level 2.3 Ice Magic
 + Level 2.3 Air Magic
 + Level 2.3 Earth Magic
 + Level 2.3 Poison Magic
 + Level 3.1 Invocations
 + Level 2.8 Evocations


You had 8 spell levels left.
You knew the following spells:

 Your Spells              Type           Power        Failure   Level  Hunger
a - Flame Tongue          Conj/Fire      ###..        1%          1    None
b - Throw Flame           Conj/Fire      ###...       2%          2    None
c - Conjure Flame         Conj/Fire      ###.....     5%          3    ##.....
p - Sticky Flame          Conj/Fire      ###.....     17%         4    ####...

Your spell library contained the following spells:

 Spells                   Type           Power        Failure   Level  Hunger
 Confusing Touch          Hex            ##....       4%          1    None
 Inner Flame              Hex/Fire       ###.....     6%          3    ##.....
 Confuse                  Hex            ##......     13%         3    ##.....
 Gell's Gravitas          Tloc           ##........   13%         3    ##.....
 Petrify                  Tmut/Erth      ##......     41%         4    ####...
 Fireball                 Conj/Fire      ###.......   43%         5    #####..
 Metabolic Englaciation   Hex/Ice        ##........   77%         5    #####..
 Yara's Violent Unravell  Hex/Tmut       ##........   77%         5    #####..


Dungeon Overview and Level Annotations

Branches:
Dungeon (5/15)             Temple (1/1) D:4

Altars:
Ashenzari
Cheibriados
Dithmenos
Elyvilon
Fedhas
Gozag
Hepliaklqana
Makhleb
Nemelex Xobeh
Okawaru
Qazlal
Ru
Sif Muna
Uskayaw
Vehumet
Wu Jian
Xom
Yredelemnul

Shops:
D:4 *


Innate Abilities, Weirdness & Mutations

Your experience applies equally to all skills.
You have very sharp teeth.
Your uncanny sense of smell can sniff out nearby items.


Message History

The worker ant zombie is severely damaged.
* * * LOW HITPOINT WARNING * * *
You feel sick.
The worker ant zombie bites you but does no damage.
Casting: Flame Tongue (safe; 1% risk of failure)
Confirm with . or Enter, or press ? or * to list all spells.
Aiming: Flame Tongue (safe; 1% risk of failure)
Press: ? - help, Shift-Dir - straight line, f/p - worker ant zombie
Aim: a worker ant zombie (severely damaged)
The flame tongue misses the worker ant zombie.
The worker ant zombie closely misses you.
Casting: Flame Tongue (safe; 1% risk of failure)
Confirm with . or Enter, or press ? or * to list all spells.
Aiming: Throw Flame (safe; 2% risk of failure)
Press: ? - help, Shift-Dir - straight line, f/p - worker ant zombie
Aim: a worker ant zombie (severely damaged)
The puff of flame hits the worker ant zombie.
The worker ant zombie is almost destroyed.
The worker ant zombie bites you.
You die...

. #..#.###.....#..#
#.##...###.....###
..#..#...###.....#
#.##........#####..
..#............ ###
..##........#.## # ##
#...........# ###.##
##.#........## #....
.#.@.........# #######...
.#Z#........## .........#
..#.###...#..#
#........#..##...###...##
#..<.#..#..#...###.#
###....##........### ##
#...##..........
..######...##........#.
..........>#...........


You could see a worker ant zombie.

Vanquished Creatures
  Sigmund (D:4)
  A phantom (D:4)
  An ogre (D:5)
  A centaur (D:4)
  A bullfrog (D:4)
  2 scorpions (D:4)
  Terence (D:3)
  An orc wizard (D:4)
  Natasha (twice) (D:4)
  A worker ant (D:4)
  Robin (D:2)
  6 adders
  3 oozes
  2 dart slugs
  4 leopard geckos
  6 orcs
  A ball python (D:3)
  6 giant cockroaches
  10 goblins
  5 hobgoblins
  2 jackals (D:3)
  A quokka (D:4)
  8 bats
  8 frilled lizards
  8 kobolds
  A quokka skeleton (D:4)
  5 rats
89 creatures vanquished.

Notes
Turn   | Place    | Note
-------+----------+-------------------------------------------
     0 | D:1      | FishyPogo the Gnoll Fire Elementalist began the quest for
                  | the Orb.
     0 | D:1      | Reached XP level 1. HP: 13/13 MP: 6/6
    87 | D:1      | Reached XP level 2. HP: 12/19 MP: 2/7
   152 | D:1      | Learned a level 2 spell: Throw Flame
   562 | D:2      | Reached XP level 3. HP: 25/25 MP: 7/9
   624 | D:2      | Noticed Robin
   735 | D:2      | Reached skill level 5 in Spellcasting
   779 | D:2      | Killed Robin
   781 | D:2      | Reached skill level 1 in Invocations
  1013 | D:2      | Reached skill level 1 in Fighting
  1013 | D:2      | Reached skill level 1 in Short Blades
  1013 | D:2      | Reached skill level 1 in Long Blades
  1013 | D:2      | Reached skill level 1 in Axes
  1013 | D:2      | Reached skill level 1 in Maces & Flails
  1013 | D:2      | Reached skill level 1 in Polearms
  1013 | D:2      | Reached skill level 1 in Staves
  1013 | D:2      | Reached skill level 1 in Slings
  1013 | D:2      | Reached skill level 1 in Bows
  1013 | D:2      | Reached skill level 1 in Crossbows
  1013 | D:2      | Reached skill level 1 in Throwing
  1013 | D:2      | Reached skill level 1 in Armour
  1013 | D:2      | Reached skill level 1 in Shields
  1013 | D:2      | Reached skill level 1 in Unarmed Combat
  1013 | D:2      | Reached skill level 1 in Evocations
  1057 | D:2      | Reached XP level 4. HP: 32/32 MP: 6/11
  1456 | D:3      | Noticed Terence
  1471 | D:3      | Learned a level 3 spell: Conjure Flame
  1493 | D:3      | Killed Terence
  1493 | D:3      | Reached skill level 1 in Hexes
  1493 | D:3      | Reached skill level 1 in Charms
  1493 | D:3      | Reached skill level 1 in Summonings
  1493 | D:3      | Reached skill level 1 in Necromancy
  1493 | D:3      | Reached skill level 1 in Translocations
  1493 | D:3      | Reached skill level 1 in Transmutations
  1493 | D:3      | Reached skill level 1 in Ice Magic
  1493 | D:3      | Reached skill level 1 in Air Magic
  1493 | D:3      | Reached skill level 1 in Earth Magic
  1493 | D:3      | Reached skill level 1 in Poison Magic
  1720 | D:3      | Found an iron altar of Okawaru.
  1727 | D:3      | Reached XP level 5. HP: 37/37 MP: 3/12
  2166 | D:4      | Noticed a centaur
  2267 | D:4      | Learned a level 4 spell: Sticky Flame
  2368 | D:4      | Noticed Sigmund
  2505 | D:4      | Killed Sigmund
  2505 | D:4      | Reached skill level 5 in Dodging
  2505 | D:4      | Reached XP level 6. HP: 39/44 MP: 1/14
  2633 | D:4      | Found an ornate altar of the Wu Jian Council.
  2672 | D:4      | Found a staircase to the Ecumenical Temple.
  2681 | Temple   | Entered the Ecumenical Temple
  2845 | Temple   | Became a worshipper of Sif Muna the Loreminder
  2876 | D:4      | Reached XP level 7. HP: 33/50 MP: 11/15
  2883 | D:4      | Found a blossoming altar of Fedhas.
  2952 | D:4      | HP: 1/75 [worker ant (4)]
  2960 | D:4      | Reached skill level 5 in Stealth
  3089 | D:4      | Found Yrim's General Store.
  3252 | D:4      | Noticed Natasha
  3255 | D:4      | Killed Natasha
  3375 | D:4      | Noticed Natasha
  3380 | D:4      | Killed Natasha
  3554 | D:5      | Entered Level 5 of the Dungeon
  3661 | D:5      | Found an ornate altar of the Wu Jian Council.
  3717 | D:5      | Reached XP level 8. HP: 9/57 MP: 9/16
  3719 | D:5      | HP: 1/57 [orc (2)]
  3724 | D:5      | Slain by a worker ant zombie

Levels and vault maps discovered:
D:1:      mrwooster_arrival_arrow, layout_rooms
D:2:      layout_basic, dk_noncrumbling_2, uniq_robin
D:3:      layout_basic, old_standard_altar, uniq_terence
D:4:      layout_cave_pods, lemuel_coloured_pillars_altar,
          minmay_temple_entry_tees, first_ration, serial_shops, shop,
          fedhas_bush_and_centaur_altar, uniq_sigmund, uniq_natasha
D:5:      minmay_skewed_foursquare, layout_rooms, kennysheep_vampire_church,
          basic_altar, uniq_eustachio
Temple:   regret_index_temple_sphere_string

Skill      XL: |  1  2  3  4  5  6  7 |
---------------+----------------------+-----
Conjurations   | 2 3 |  3.2
Spellcasting   | 5 |  5.8
Invocations    | 1 2 3 |  3.1
Fighting       | 1 2 |  2.8
Short Blades   | 1 2 |  2.8
Long Blades    | 1 2 |  2.8
Axes           | 1 2 |  2.8
Maces & Flails | 1 2 |  2.8
Polearms       | 1 2 |  2.8
Staves         | 1 2 |  2.8
Slings         | 1 2 |  2.8
Bows           | 1 2 |  2.8
Crossbows      | 1 2 |  2.8
Throwing       | 1 2 |  2.8
Armour         | 1 2 |  2.8
Shields        | 1 2 |  2.8
Unarmed Combat | 1 2 |  2.8
Evocations     | 1 2 |  2.8
Hexes          | 1 2 |  2.3
Charms         | 1 2 |  2.3
Summonings     | 1 2 |  2.3
Necromancy     | 1 2 |  2.3
Translocations | 1 2 |  2.3
Transmutations | 1 2 |  2.3
Ice Magic      | 1 2 |  2.3
Air Magic      | 1 2 |  2.3
Earth Magic    | 1 2 |  2.3
Poison Magic   | 1 2 |  2.3
Dodging        | 5 |  5.4
Stealth        | 5 |  5.1
Fire Magic     | |  5.9

Action                   |  1- 3 |  4- 6 |  7- 9 || total
-------------------------+-------+-------+-------++-------
Melee: Dagger            |    24 |    24 |       ||    48
       Bite              |     2 |     3 |     1 ||     6
       Unarmed           |     1 |       |       ||     1
       Scythe            |       |    13 |    16 ||    29
Throw: Stone             |       |     4 |       ||     4
 Cast: Flame Tongue      |    41 |    55 |    24 ||   120
       Throw Flame       |     6 |    24 |    12 ||    42
       Conjure Flame     |       |     1 |       ||     1
  Use: Potion            |       |       |     5 ||     5
 Stab: Sleeping          |     1 |     1 |     1 ||     3
  Eat: Chunk             |       |     6 |     1 ||     7
Armor: Robe              |     8 |     8 |     3 ||    19
       Skin              |       |       |    10 ||    10
Dodge: Dodged            |    19 |    47 |    35 ||   101
